Cogmind - Beta 16.1 @@@ ROGUE MODE // 2026.04.28 @ 03:47:36 Player: coopco Result: Destroyed by S-27 Virus with Autogun Performance ------------- Evolutions (5) 2500 Regions Visited (10) 2000 Robots Destroyed (60) 300 Value Destroyed (3058) 3058 Prototype IDs (14) 280 Alien Tech Used (0) 0 Bonus (1855) 1855 TOTAL SCORE: 9993 Bonus ------- Follower Combat Kills 577 Registered with UFD 300 Met Optimus in HQ 500 Met R17 at Cetus 500 Friendly Fire -22 Cogmind --------- Core Integrity 0/1000 Matter 270/300 Energy 33/350 System Corruption 1% Temperature Cool (0) Movement Hovering (240) Ox3 Location -5/Hub_04(d) Parts ------- > --- POWER (2) -------- Quantum Reactor > --- PROPULSION (4) --- Hover Unit > --- UTILITY (8) ------ Improved Hacking Suite Improved Hacking Suite Improved Hacking Suite Improved System Shield A0-MCA's Component Scanner > --- WEAPON (3) ------- (None) > --- INVENTORY (5) ---- Surveybot 17 Chip Improved Hacking Suite Improved System Shield Peak State ------------ > --- POWER ------------ Particle Reactor Quantum Reactor > --- PROPULSION ------- Medium Treads Medium Treads Centrium Heavy Treads > --- UTILITY ---------- Advanced Heat Sink Large Storage Unit Centrium Medium Armor Plating Centrium Medium Armor Plating Centrium Medium Armor Plating Centrium Medium Armor Plating Improved Hacking Suite A0-MCA's Component Scanner > --- WEAPON ----------- Quantum Rifle Quantum Rifle Advanced KE Penetrator > --- INVENTORY -------- Micro Antimatter Reactor Quantum Reactor Field Propulsion Drive Field Propulsion Drive Surveybot 17 Chip Improved Hacking Suite Improved Hacking Suite Improved Hacking Suite Improved Hacking Suite Improved System Shield Improved System Shield Improved System Shield Mapping Drone Bay Advanced Variable Charge Gun Great Axe [Rating: 131] Favorites ----------- Power Improved Ion Engine Engine Improved Ion Engine Power Core Light Fission Core Reactor Quantum Reactor Propulsion Light Treads Treads Light Treads Leg Improved Titanium Leg Wheel Overtuned Scrapsphere Hover Unit Hover Unit Flight Unit Field Propulsion Drive Utility Small Storage Unit Device Improved Shield Generator Storage Small Storage Unit Processor Improved Signal Interpreter Hackware Improved Hacking Suite Protection Centrium Medium Armor Plating Weapon Assault Rifle Energy Gun Beam Rifle Energy Cannon Heavy Plasma Cannon Ballistic Gun Assault Rifle Ballistic Cannon Flak Cannon Special Weapon CPS Tube Slashing Weapon Great Axe Build | -11 -10 -10 -10 -7 -7 -5 -5 -5 -5 -5 ------- Run | Yrd Mat Min Sub Rec Scr Fac Ext Cet Arc Hub Slots Evolved 10 | . . . . . . 10 . . . . Power 1 | . . . . . . 1 . . . . Propulsion 2 | . . . . . . 2 . . . . Utility 6 | . . . . . . 6 . . . . Weapon 1 | . . . . . . 1 . . . . Parts Attached 93 | 6 . 2 1 6 9 9 25 14 12 9 Power 13 | 1 . 1 . 1 1 1 3 2 2 1 Engine 6 | 1 . 1 . 1 1 . 2 . . . Core 3 | . . . . . . 1 1 1 . . Reactor 4 | . . . . . . . . 1 2 1 Propulsion 27 | 2 . . . 2 4 1 9 3 2 4 Treads 10 | 2 . . . 2 . . 1 3 2 . Leg 12 | . . . . . 3 1 8 . . . Wheel 1 | . . . . . 1 . . . . . Hover 2 | . . . . . . . . . . 2 Flight 2 | . . . . . . . . . . 2 Utility 35 | 1 . 1 . 2 2 6 9 6 4 4 Device 16 | . . . . 2 1 5 4 2 2 . Storage 2 | 1 . . . . 1 . . . . . Processor 2 | . . . . . . 1 . . 1 . Hackware 5 | . . . . . . . . . 1 4 Protection 10 | . . 1 . . . . 5 4 . . Artifact . | . . . . . . . . . . . Weapon 18 | 2 . . 1 1 2 1 4 3 4 . Energy Gun 7 | 1 . . 1 . . . 1 2 2 . Energy Cannon . | . . . . . . . . . . . Ballistic Gun 7 | 1 . . . 1 1 . 2 1 1 . Ballistic Cannon 2 | . . . . . 1 . 1 . . . Launcher . | . . . . . . . . . . . Special Weapon 1 | . . . . . . . . . 1 . Impact Weapon . | . . . . . . . . . . . Slashing Weapon 1 | . . . . . . 1 . . . . Piercing Weapon . | . . . . . . . . . . . Special Melee Weapon . | . . . . . . . . . . . Unidentified Prototypes 5 | . . . . . . . 1 4 . . Parts Lost 40 | . . . 2 3 . 3 9 5 . 18 Power 6 | . . . . 1 . . 2 1 . 2 Propulsion 11 | . . . . 1 . . 1 3 . 6 Utility 15 | . . . 1 1 . 3 3 1 . 6 Weapon 8 | . . . 1 . . . 3 . . 4 Highest Loss Streak 18 | . . . 2 3 . 3 6 3 . 18 To Critical Strikes . | . . . . . . . . . . . Average Backups 10 | 2 5 7 7 7 8 11 14 14 14 13 Power 1 | . 1 1 1 . . . 1 2 2 1 Propulsion 1 | . 2 2 2 . . 1 4 4 3 1 Utility 3 | . . 2 2 2 3 6 5 4 4 8 Weapon 2 | . 1 2 2 3 2 1 1 1 2 1 Tool/Special . | . . . . . . . . . . . Unused Backups 28 | . . 2 . 4 6 1 5 1 2 7 Power 4 | . . 1 . . 1 . . 1 . 1 Propulsion 4 | . . . . 3 . 1 . . . . Utility 12 | . . . . 1 2 . 1 . 2 6 Weapon 6 | . . 1 . . 3 . 2 . . . Tool/Special 2 | . . . . . . . 2 . . . Average Slot Usage (%) 88 | . 85 95 96 98 82 74 88 90 91 85 Engine 10 | . 14 14 14 13 13 5 4 5 1 . Core 1 | . . . . . . 2 4 4 . . Reactor 1 | . . . . . . . . . 9 9 Treads 16 | . 28 28 28 27 16 . . 13 15 14 Leg 8 | . . . . . 11 22 22 2 . . Device 12 | . . . . 12 13 18 17 16 15 6 Storage 10 | . 14 14 14 14 14 5 5 5 5 4 Protection 5 | . . 9 10 . . . 7 20 23 16 Energy Gun 5 | . 14 14 14 14 . . 1 5 5 5 Ballistic Gun 7 | . 14 14 14 14 6 5 2 5 6 4 Ballistic Cannon 2 | . . . . . 6 5 3 . . . Slashing Weapon 1 | . . . . . . 2 5 3 2 3 Peak Build Rating 131 | 6 6 12 12 16 29 71 84 122 130 131 Average Rating 41 | 4 6 10 11 13 17 53 72 104 123 113 On Entrance 42 | . 6 6 12 12 14 29 57 81 122 128 Avg Prop Armor Cover (%) 23 | . . . . . 24 . 5 . . . Naked Turns . | . . . . . . . . . . . Heaviest Build 109 | 14 14 21 21 23 41 72 81 104 109 103 Greatest Support 140 | 40 40 40 40 40 40 78 91 140 138 136 Greatest Overweight (x) 8 | 4 . . . . 8 1 1 1 . . Average Overweight (x) . | . . . . . . . . . . . Largest Inventory Capacity 15 | 8 8 8 8 8 15 15 15 15 15 15 Average Capacity 10 | 7 8 8 8 8 9 15 15 15 15 14 Most Carried 15 | 4 8 8 8 8 14 15 15 15 15 15 Average Carried 10 | 2 5 7 7 7 8 13 14 14 14 13 Final Capacity 15 | 8 8 8 8 8 15 15 15 15 15 5 Final Carried 15 | 4 8 8 8 8 14 15 15 15 15 3 Scrap Suit Usage (%) 5 | . . . . . . . 44 . . . Parts Cannibalized 28 | . . . . . . . 28 . . . Class Distribution -------------------- 39% | Mutant 25% | Scavenger-Mutant 21% | Derelict-Mutant 5% | Scavenger-Tank 4% | Commander-Mutant Dominant Class ---------------- Mutant | -10/Materials Mutant | -10/Mines Mutant | -10/Subcaves Scavenger-Mutant | -7/Recycling Mutant | -7/Scraptown Derelict-Mutant | -5/Factory Scavenger-Mutant | -5/Extension Scavenger-Mutant | -5/Cetus Scavenger-Tank | -5/Archives Scavenger-Mutant | -5/Hub_04(d) Resources | -11 -10 -10 -10 -7 -7 -5 -5 -5 -5 -5 ----------- Run | Yrd Mat Min Sub Rec Scr Fac Ext Cet Arc Hub Matter Collected 2323 | 245 . 47 109 96 50 102 815 326 355 178 Remotely . | . . . . . . . . . . . Salvage Created 2760 | . . 50 162 204 . 52 706 380 649 557 Parts 141 | . . 3 13 7 . 3 34 10 43 28 Haulers Intercepted . | . . . . . . . . . . . Recyclers Shooed 1 | . . . . . . 1 . . . . Parts Field Recycled . | . . . . . . . . . . . Retrieved Matter . | . . . . . . . . . . . Parts Self-Destructed 18 | . . . 18 . . . . . . . Prevented . | . . . . . . . . . . . Parts Restored . | . . . . . . . . . . . Kills | -11 -10 -10 -10 -7 -7 -5 -5 -5 -5 -5 ------- Run | Yrd Mat Min Sub Rec Scr Fac Ext Cet Arc Hub Combat Hostiles Destroyed 48 | . . 1 7 4 . 2 13 6 4 11 Melee 2 | . . . . . . . 2 . . . Guns 36 | . . 1 7 4 . 1 4 4 4 11 Cannons 10 | . . . . . . 1 7 2 . . Classes Destroyed 11 | . . 1 2 1 . 2 4 . . 1 Recycler 1 | . . . . . . . 1 . . . Operator 9 | . . . . . . . 1 . 8 . Turret 2 | . . . 2 . . . . . . . Swarmer 18 | . . . 7 1 . . 5 . . 5 Grunt 8 | . . . . 1 . . 6 . . 1 Duelist 1 | . . . . . . . 1 . . . Sentry 8 | . . 1 . 2 . . . . 4 1 Specialist 4 | . . . . . . . . . . 4 Hunter 1 | . . . . . . 1 . . . . Programmer 1 | . . . . . . 1 . . . . Behemoth 1 | . . . . . . . 1 . . . Cetus Guard 6 | . . . . . . . . 6 . . Best Kill Streak 5 | . . 1 4 2 . 1 5 3 3 5 Combat Bots Only 5 | . . 1 4 2 . 1 5 3 1 5 Max Kills in Single Turn 2 | . . 1 1 1 . 1 2 1 1 2 Gunslinging 1 | . . . . . . . . . . 1 Exploded . | . . . . . . . . . . . Melee 1 | . . . . . . . 1 . . . Uniques/NPCs Destroyed . | . . . . . . . . . . . Combat | -11 -10 -10 -10 -7 -7 -5 -5 -5 -5 -5 -------- Run | Yrd Mat Min Sub Rec Scr Fac Ext Cet Arc Hub Hostile Shots Fired 870 | . . 6 120 106 . 64 185 73 35 281 Missed 261 | . . 1 45 36 . 18 67 17 6 71 Hits 609 | . . 5 75 70 . 46 118 56 29 210 Melee 2 | . . . . . . . 2 . . . Projectile 607 | . . 5 75 70 . 46 116 56 29 210 Critical Strikes 23 | . . . . . . 1 3 13 1 5 Damage Taken 10468 | . . 83 579 462 . 648 2939 1168 676 3913 Core 1232 | . . . 138 94 . 27 273 . 50 650 Absorbed by Shields 327 | . . . . 105 . 222 . . . . Reduced by Siege Mode 120 | . . . . . . . . 34 30 56 Ignored by Resistances 432 | . . . . . . . 40 311 81 . Regen/Repaired (Parts) 251 | . . . . . . . 251 . . . Core Remaining (%) 53 | 100 . . . . 7 . . . . . Volleys Fired 191 | . . 4 33 17 . 19 40 34 18 26 Largest 3 | . . 2 2 2 . 2 2 3 3 3 Hottest 223 | . . 70 76 76 . 65 134 195 164 223 Shots Fired 374 | . . 8 66 34 . 38 79 49 48 52 Gun 306 | . . 8 66 34 . 19 40 41 46 52 Cannon 66 | . . . . . . 19 39 8 . . Launcher . | . . . . . . . . . . . Special 2 | . . . . . . . . . 2 . Kinetic 235 | . . 4 33 17 . 38 47 43 32 21 Thermal 137 | . . 4 33 17 . . 32 6 14 31 Explosive . | . . . . . . . . . . . Electromagnetic . | . . . . . . . . . . . Robot Hit Streak 36 | . . 4 6 9 . 6 7 21 36 20 Robot Miss Streak 7 | . . 1 6 2 . 5 7 1 6 3 Penetration Max 1 | . . . . . . 1 1 1 . 1 Secondary Targets 8 | . . 1 5 . . . . . . 2 Max Gunslinging Chain 1 | . . 1 1 . . . . . . 1 Shots Hit Robots 276 | . . 4 37 26 . 27 56 42 42 42 Core Hits 127 | . . 3 13 12 . 18 27 20 18 16 Critical Kills 7 | . . . . . . . . 3 3 1 Critical Parts Destroyed 6 | . . . . . . 1 . 4 . 1 Critical Strikes 28 | . . . 2 1 . 1 8 7 5 4 Burn 6 | . . . 2 1 . . 3 . . . Destroy 14 | . . . . . . 1 . 7 4 2 Blast 2 | . . . . . . . 2 . . . Sever 6 | . . . . . . . 3 . 1 2 Melee Attacks 53 | . . . . . . 3 23 5 12 10 Impact . | . . . . . . . . . . . Slashing 53 | . . . . . . 3 23 5 12 10 Piercing . | . . . . . . . . . . . Sneak Attacks 8 | . . . . . . . 1 . 7 . Combat Hostiles . | . . . . . . . . . . . Follow-up Attacks . | . . . . . . . . . . . Damage Inflicted 7521 | . . 63 487 366 . 577 1934 1182 1634 1278 Guns 4511 | . . 63 487 366 . 225 480 963 838 1089 Cannons 1322 | . . . . . . 352 751 219 . . Explosions 104 | . . . . . . . 104 . . . Melee 1584 | . . . . . . . 599 . 796 189 Ramming . | . . . . . . . . . . . Kinetic 3781 | . . 24 221 142 . 577 748 1122 539 408 Thermal 2156 | . . 39 266 224 . . 587 60 299 681 Explosive . | . . . . . . . . . . . Electromagnetic . | . . . . . . . . . . . Impact . | . . . . . . . . . . . Slashing 1584 | . . . . . . . 599 . 796 189 Piercing . | . . . . . . . . . . . Highest Corruption 14 | . . . . . . 9 14 14 14 1 Average Corruption 9 | . . . . . . 3 9 14 11 1 Corruption Purged 13 | . . . . . . . . . 13 . Corruption Blocked . | . . . . . . . . . . . Effects 108 | . . . . . . 1 50 27 27 3 Message Errors 28 | . . . . . . . 12 12 4 . Matter Fused 23 | . . . . . . 1 12 3 6 1 Heat Flow Errors 9 | . . . . . . . 3 1 4 1 Energy Discharges 10 | . . . . . . . 7 1 2 . Parts Rejected 1 | . . . . . . . 1 . . . Data Loss (minor) 18 | . . . . . . . 8 5 4 1 Data Loss (major) 5 | . . . . . . . 4 . 1 . Misfires 7 | . . . . . . . 2 4 1 . Alerts 1 | . . . . . . . . 1 . . Misdirections 2 | . . . . . . . . . 2 . Weapon Failures 4 | . . . . . . . 1 . 3 . Overload Shots . | . . . . . . . . . . . Overflow Damage 290 | . . . . . . . 77 . 198 15 Projectiles 25 | . . . . . . . 25 . . . Explosions 29 | . . . . . . . 29 . . . Melee 236 | . . . . . . . 23 . 198 15 Knockbacks 12 | . . . . . . 7 5 . . . Impact . | . . . . . . . . . . . Kinetic 11 | . . . . . . 7 4 . . . Secondary 1 | . . . . . . . 1 . . . Self-Inflicted Damage 107 | . . . . . . . 107 . . . Shots 1 | . . . . . . . 1 . . . Rammed . | . . . . . . . . . . . Targets Rammed . | . . . . . . . . . . . Kicked . | . . . . . . . . . . . Crushed . | . . . . . . . . . . . Highest Temperature 543 | . . 54 18 164 . . 350 163 347 543 Average Temperature 126 | . . 28 7 70 . . 104 42 131 192 Received Heat Transfer 2112 | . . 27 222 138 . 6 561 . 108 1050 Effects 14 | . . . . . . . 3 . 3 8 Shutdowns 2 | . . . . . . . . . 1 1 Energy Bleed 2 | . . . . . . . . . 1 1 Interference 6 | . . . . . . . 3 . 1 2 Matter Decay 1 | . . . . . . . . . . 1 Short Circuit 2 | . . . . . . . . . . 2 Damage (core) 1 | . . . . . . . . . . 1 Siege Activations 4 | . . . . . . . . 1 2 1 Total Turns 107 | . . . . . . . . 51 49 7 Longest Duration 51 | . . . . . . . . 51 39 7 Martial Activations . | . . . . . . . . . . . Shielding Activations . | . . . . . . . . . . . Robots Disrupted . | . . . . . . . . . . . Combat Hostiles . | . . . . . . . . . . . Robots Corrupted . | . . . . . . . . . . . Combat Hostiles . | . . . . . . . . . . . Parts Fried . | . . . . . . . . . . . Impact Corruptions . | . . . . . . . . . . . Robots Melted . | . . . . . . . . . . . Combat Hostiles . | . . . . . . . . . . . Parts Melted 5 | . . 1 . 1 . . . . . 3 Heat Transferred 4172 | . . 111 925 649 . . 1081 111 407 888 Parts Sabotaged . | . . . . . . . . . . . Parts Stolen . | . . . . . . . . . . . Parts Stripped . | . . . . . . . . . . . Power Chain Reactions . | . . . . . . . . . . . Alert | -11 -10 -10 -10 -7 -7 -5 -5 -5 -5 -5 ------- Run | Yrd Mat Min Sub Rec Scr Fac Ext Cet Arc Hub Maximum Alert Level 1 | . . . . . . . 1 1 . 1 Low Security (%) 98 | 100 100 100 . 100 . 100 91 99 100 99 Level 1 1 | . . . . . . . 8 . . . Level 2 . | . . . . . . . . . . . Level 3 . | . . . . . . . . . . . Level 4 . | . . . . . . . . . . . Level 5 . | . . . . . . . . . . . High Security . | . . . . . . . . . . . Max Security . | . . . . . . . . . . . Peak Influence 279 | . . 20 . 41 . 30 279 202 76 203 Initial 153 | . . . . 28 . . . 153 . . Average 25 | . . . . 2 . 2 48 80 12 87 Influence Increases 2006 | . . 20 220 99 . 69 832 200 168 398 Destroy 0b10 Robot/C 1260 | . . 20 180 80 . 40 480 160 80 220 Destroy 0b10 Robot/NC 75 | . . . . 5 . . 20 10 40 . Destroy Leader 114 | . . . 10 . . 10 54 . . 40 Allied During Kill 97 | . . . . 1 . . 81 15 . . Successful Hack 56 | . . . . 12 . . 35 9 . . Disable Machine 180 | . . . . . . 15 90 . 30 45 Destroy Structure 89 | . . . . 1 . 4 42 6 18 18 Partial Spotted 15 | . . . . . . . . . . 15 Lose Combat Pursuer 120 | . . . 30 . . . 30 . . 60 Influence Decreases 1908 | . . 20 160 159 . 69 557 475 168 300 Entered New Map 154 | . . . . 32 . . . 122 . . Time Decay 1252 | . . 20 140 125 . 51 371 267 168 110 Lost Part 324 | . . . 20 2 . 18 64 40 . 180 Lost Ally 136 | . . . . . . . 80 46 . 10 Purge Threat 42 | . . . . . . . 42 . . . Squads Dispatched 10 | . . . . . . 2 2 . . 6 Investigation 1 | . . . . . . 1 . . . . Extermination 1 | . . . . . . 1 . . . . Reinforcement 5 | . . . . . . . 2 . . 3 Assault . | . . . . . . . . . . . Garrison 3 | . . . . . . . . . . 3 Intercept . | . . . . . . . . . . . Searches Triggered . | . . . . . . . . . . . Construction Impeded . | . . . . . . . . . . . Haulers Reinforced . | . . . . . . . . . . . Active Scanning Responses . | . . . . . . . . . . . Cargo Convoy Interrupts . | . . . . . . . . . . . Stealth | -11 -10 -10 -10 -7 -7 -5 -5 -5 -5 -5 --------- Run | Yrd Mat Min Sub Rec Scr Fac Ext Cet Arc Hub Distress Signals 9 | . . . . . . . 2 3 . 4 Communications Jammed . | . . . . . . . . . . . Distress Signals . | . . . . . . . . . . . Times Spotted 106 | . . 2 12 5 . 9 33 8 11 26 Peak Tracking Total 11 | . . 2 4 2 . 6 6 5 1 11 Tactical Retreats 6 | . . . 1 . . . 2 . . 3 Traps | -11 -10 -10 -10 -7 -7 -5 -5 -5 -5 -5 ------- Run | Yrd Mat Min Sub Rec Scr Fac Ext Cet Arc Hub Traps Triggered 1 | . . . . . . . 1 . . . Indirectly . | . . . . . . . . . . . Trap Hack Attempts . | . . . . . . . . . . . Triggered . | . . . . . . . . . . . Disarmed . | . . . . . . . . . . . Reprogrammed . | . . . . . . . . . . . Reused . | . . . . . . . . . . . Traps Extracted . | . . . . . . . . . . . Installed . | . . . . . . . . . . . Triggered . | . . . . . . . . . . . Machines | -11 -10 -10 -10 -7 -7 -5 -5 -5 -5 -5 ---------- Run | Yrd Mat Min Sub Rec Scr Fac Ext Cet Arc Hub Machines Disabled 14 | . . . . . . 1 7 1 2 3 Max in Single Turn 3 | . . . . . . 1 3 1 1 1 Garrison Access 1 | . . . . . . 1 . . . . Energy Cycler 3 | . . . . . . . 3 . . . Machines Repaired . | . . . . . . . . . . . Machines Dismantled . | . . . . . . . . . . . Machines Sabotaged . | . . . . . . . . . . . Overloaded Fab Kills . | . . . . . . . . . . . Hacking | -11 -10 -10 -10 -7 -7 -5 -5 -5 -5 -5 --------- Run | Yrd Mat Min Sub Rec Scr Fac Ext Cet Arc Hub Machines Accessed 42 | . . . . 10 11 4 10 4 1 2 Terminals 24 | . . . . 6 . 2 10 4 . 2 Fabricators . | . . . . . . . . . . . Repair Stations . | . . . . . . . . . . . Recycling Units 3 | . . . . 2 . 1 . . . . Scanalyzers . | . . . . . . . . . . . Garrison Access 1 | . . . . . . 1 . . . . Total Hacks 184 | . . . . 40 83 5 17 9 25 5 Successful 150 | . . . . 27 83 3 7 3 25 2 Failed 34 | . . . . 13 . 2 10 6 . 3 Catastrophic 14 | . . . . 5 . . 7 1 . 1 Database Lockouts . | . . . . . . . . . . . Manual 15 | . . . . 5 . 2 3 1 . 4 Terminals 46 | . . . . 13 . 2 17 9 . 5 Fabricators . | . . . . . . . . . . . Repair Stations . | . . . . . . . . . . . Recycling Units 5 | . . . . 3 . 2 . . . . Scanalyzers . | . . . . . . . . . . . Garrison Access 1 | . . . . . . 1 . . . . Terminal Hacks 146 | . . . . 26 83 1 7 3 25 1 Record 139 | . . . . 26 82 . 3 3 25 . Open Door 3 | . . . . . . 1 2 . . . Alert Level 1 | . . . . . . . 1 . . . Unreport Threat 1 | . . . . . . . 1 . . . Registered Components 1 | . . . . . . . . . . 1 Proto ID Catalog 1 | . . . . . 1 . . . . . Fabricator Hacks . | . . . . . . . . . . . Repair Station Hacks . | . . . . . . . . . . . Recycling Unit Hacks 1 | . . . . 1 . . . . . . Retrieve Components 1 | . . . . 1 . . . . . . Scanalyzer . | . . . . . . . . . . . Garrison Access Hacks 1 | . . . . . . 1 . . . . Seal Access 1 | . . . . . . 1 . . . . Unauthorized Hacks 2 | . . . . . . 1 . . . 1 Terminals 1 | . . . . . . . . . . 1 Assimilate 1 | . . . . . . . . . . 1 Fabricators . | . . . . . . . . . . . Repair Stations . | . . . . . . . . . . . Recycling Units 1 | . . . . . . 1 . . . . Fedlink 1 | . . . . . . 1 . . . . Scanalyzers . | . . . . . . . . . . . Garrison Access . | . . . . . . . . . . . Data Cores Recovered . | . . . . . . . . . . . Used . | . . . . . . . . . . . Hacking Detections 23 | . . . . 7 . 2 8 4 . 2 Full Trace Events . | . . . . . . . . . . . Feedback Events . | . . . . . . . . . . . Feedback Blocked . | . . . . . . . . . . . Robot Schematics Acquired . | . . . . . . . . . . . Robots Built . | . . . . . . . . . . . Authchips . | . . . . . . . . . . . Time . | . . . . . . . . . . . Total Robot Build Rating . | . . . . . . . . . . . Part Schematics Acquired . | . . . . . . . . . . . Parts Built . | . . . . . . . . . . . Authchips . | . . . . . . . . . . . Time . | . . . . . . . . . . . Total Part Build Rating . | . . . . . . . . . . . Part Studies Acquired . | . . . . . . . . . . . Parts Repaired . | . . . . . . . . . . . Time . | . . . . . . . . . . . Parts Recycled . | . . . . . . . . . . . Recycled Matter . | . . . . . . . . . . . Retrieved Matter . | . . . . . . . . . . . Retrieved Components 3 | . . . . 3 . . . . . . Parts Scanalyzed . | . . . . . . . . . . . Part Schematics Acquired . | . . . . . . . . . . . Parts Damaged . | . . . . . . . . . . . Bothacking | -11 -10 -10 -10 -7 -7 -5 -5 -5 -5 -5 ------------ Run | Yrd Mat Min Sub Rec Scr Fac Ext Cet Arc Hub Used RIF Installer . | . . . . . . . . . . . Robots Hacked . | . . . . . . . . . . . Non-combat . | . . . . . . . . . . . Combat . | . . . . . . . . . . . Robot Hacks Applied . | . . . . . . . . . . . Relay Couplers Released . | . . . . . . . . . . . Fabnet Peak Effective % . | . . . . . . . . . . . Robots Rewired 15 | . . . . 9 . . 6 . . . Allies Hacked . | . . . . . . . . . . . Hacks Repelled . | . . . . . . . . . . . Allies | -11 -10 -10 -10 -7 -7 -5 -5 -5 -5 -5 -------- Run | Yrd Mat Min Sub Rec Scr Fac Ext Cet Arc Hub Total Allies 19 | . . . . 9 . . 9 . . 1 Largest Group 8 | . . . . 8 2 . 4 3 . 1 Highest-Rated Group 112 | . . . . 94 16 . 112 85 . 10 Highest-Rated Ally 39 | . . . . 20 10 . 39 34 . 10 Initial UFD Resources 48 | . . . . . . 38 48 48 48 48 Total Orders 10 | . . . . . 2 . . 5 . 3 STAY 2 | . . . . . 2 . . . . . EXPLORE 6 | . . . . . . . . 3 . 3 RETURN 2 | . . . . . . . . 2 . . Ally Attacks 123 | . . . . 24 . . 84 15 . . Total Damage 2049 | . . . . 186 . . 1492 371 . . Kills 19 | . . . . 1 . . 14 4 . . Allies Corrupted . | . . . . . . . . . . . Allies Melted . | . . . . . . . . . . . Intel | -11 -10 -10 -10 -7 -7 -5 -5 -5 -5 -5 ------- Run | Yrd Mat Min Sub Rec Scr Fac Ext Cet Arc Hub Active Infowar (turns) 2113 | . . . . . 994 492 627 . . . Sensors 460 | . . . . . . 460 . . . . Terrain 251 | . . . . . . . 251 . . . Structural 1990 | . . . . . 994 369 627 . . . Traps 557 | . . . . . . 253 304 . . . Robot Analysis Total . | . . . . . . . . . . . Derelict Logs Recovered 2 | . . 1 1 . . . . . . . Drone Launches 6 | . . . . . . . . 3 . 3 Drone Recoveries 6 | . . . . . . . . 3 . 3 Exploration | -11 -10 -10 -10 -7 -7 -5 -5 -5 -5 -5 ------------- Run | Yrd Mat Min Sub Rec Scr Fac Ext Cet Arc Hub Turns Passed 9952 | 69 57 849 387 1649 3450 492 1325 631 767 276 Spaces Moved 5778 | 38 34 517 179 928 2155 317 831 315 361 103 Core 108 | 9 . . . . 92 . . . . 7 Treads 3641 | 29 34 517 179 928 1242 . . 287 361 64 Legs 1953 | . . . . . 777 317 831 28 . . Wheels 44 | . . . . . 44 . . . . . Hover 17 | . . . . . . . . . . 17 Flight 15 | . . . . . . . . . . 15 Fastest Speed 45 | 50 160 160 160 160 70 127 120 120 160 45 Average Speed 151 | 149 160 160 160 160 158 127 124 159 160 119 Slowest Speed 450 | 250 160 160 160 160 450 200 179 190 160 160 Overloaded Moves . | . . . . . . . . . . . Propulsion Burnouts . | . . . . . . . . . . . Robots Hopped . | . . . . . . . . . . . Potential Cave-ins 1 | . . . . . . . 1 . . . Cave-ins Triggered 1 | . . . . . . . 1 . . . Exploration Rate (%) 54 | 4 12 99 14 99 95 6 76 79 97 17 Regions Visited 10 Branch Regions 8 Pre-discovered Areas 8 | . . . 1 . 7 . . . . . Known Exits Taken 1 | . . . . . . 1 . . . . Unknown Exits Taken 9 | 1 1 1 1 1 1 . 1 1 1 . Scrap Searched 7 | . . 1 . . 6 . . . . . Spaces Dug 3 | . . . . . . 2 . . 1 . Terrain Destroyed 53 | . . . . . . 2 23 3 13 12 Melee 3 | . . . . . . 2 . . 1 . Projectile 37 | . . . . . . . 10 3 12 12 AOE 13 | . . . . . . . 13 . . . Terrain Rammed . | . . . . . . . . . . . Walls Destroyed . | . . . . . . . . . . . Machines Disabled . | . . . . . . . . . . . Actions | -11 -10 -10 -10 -7 -7 -5 -5 -5 -5 -5 --------- Run | Yrd Mat Min Sub Rec Scr Fac Ext Cet Arc Hub Total 6529 | 47 37 532 214 1060 2200 360 1011 389 491 188 Wait 151 | . . 3 1 31 3 . 19 7 58 29 Move 5768 | 37 33 516 178 927 2154 316 830 314 360 103 Hop . | . . . . . . . . . . . Pick Up 73 | 4 4 3 1 6 12 8 16 4 13 2 Fast Attach 52 | 6 . 1 . 3 6 6 15 9 4 2 Attach 25 | . . . 1 2 2 4 2 2 3 9 Detach 4 | . . . . . 2 . 1 1 . . Swap 35 | . . 1 . 1 5 . 11 4 10 3 Drop 78 | . . 4 . 6 16 4 22 9 13 4 Fire 191 | . . 4 33 17 . 19 40 34 18 26 Melee 53 | . . . . . . 3 23 5 12 10 Ram . | . . . . . . . . . . . Kick . | . . . . . . . . . . . Crush . | . . . . . . . . . . . Escape Stasis 5 | . . . . . . . 5 . . . Rewire 94 | . . . . 67 . . 27 . . . Trap . | . . . . . . . . . . . Miscellaneous . | . . . . . . . . . . . Route ------- -11/Scrapyard -10/Materials -10/Mines (discovered 3 exits: [*Mat x2] / [*Sub]) -10/Subcaves -7/Recycling (discovered 2 exits: *Fac / *Scr) -7/Scraptown (discovered 2 exits: *Fac x2) -5/Factory (discovered 5 exits: Fac x3 / Upp / *Ext) -5/Extension (discovered 3 exits: *Fac x2 / *Cet) -5/Cetus (discovered 3 exits: *Fac x2 / *Arc) -5/Archives (discovered 3 exits: *Fac / *Hub x2) -5/Hub_04(d) (discovered 3 exits: Fac x3) History --------- Turn | Location | Event 20 | -11/Scrapyard | Discovered new exit (range 16) 70 | -11/Scrapyard | Entered Materials 94 | -10/Materials | Discovered new exit (range 4) 127 | -10/Materials | Entered Mines 318 | -10/Mines | Build established: Mutant 340 | -10/Mines | Discovered new exit (range 11) 353 | -10/Mines | Joined a pair of Derelicts in attacking an 0b10 outpost 560 | -10/Mines | Found a hidden stash of uninstalled traps 637 | -10/Mines | Discovered new exit (range 10) 968 | -10/Mines | Discovered new exit (range 6) 976 | -10/Mines | Entered Subcaves 977 | -10/Subcaves | Approached by a straggling Scientist 1111 | -10/Subcaves | Learned location of Zion (-7) 1111 | -10/Subcaves | Met a Zionite searching for "candidates" 1142 | -10/Subcaves | Learned Materials trap positions 1261 | -10/Subcaves | Discovered new exit (range 11) 1291 | -10/Subcaves | Core integrity fell below 50% 1363 | -10/Subcaves | Entered Recycling 1364 | -7/Recycling | Met a Zionite searching for Scraptown 1433 | -7/Recycling | Discovered new exit (range 16) 1624 | -7/Recycling | Lost 3 parts (1p1n1u) 2140 | -7/Recycling | Build established: Commander-Mutant 2358 | -7/Recycling | Lost 5 allies 2366 | -7/Recycling | Core integrity fell below 20% 2613 | -7/Recycling | Build established: Scavenger-Mutant 2964 | -7/Recycling | Scanned before Scraplab entrance 3007 | -7/Recycling | Discovered new exit (range 3) 3012 | -7/Recycling | Entered Scraptown 3012 | -7/Scraptown | Accompanied by 2 allies 3254 | -7/Scraptown | Visited Cyclists 3326 | -7/Scraptown | Build established: Mutant 3333 | -7/Scraptown | Visited Shadow of the Wyrm 3389 | -7/Scraptown | Visited TADAMA 3424 | -7/Scraptown | Visited UFD Registry 3424 | -7/Scraptown | Registered with UFD as "Alphachip" 3511 | -7/Scraptown | Entered Cyclist Reading Room 3732 | -7/Scraptown | Visited Spacefarers 3823 | -7/Scraptown | Visited Bundlers 4454 | -7/Scraptown | Visited Junk Repository 4491 | -7/Scraptown | Visited Junk Repository 4575 | -7/Scraptown | Discovered new exit (range 13) 4849 | -7/Scraptown | Visited A0-MCA Data Center 4858 | -7/Scraptown | Given a C rating by A0-MCA 4864 | -7/Scraptown | Found A0-MCA's Component Scanner 4924 | -7/Scraptown | Visited Curators Association 4985 | -7/Scraptown | Visited DA-N13 Charitable Foundation 5005 | -7/Scraptown | Found DCF Scrap (31 items) 5049 | -7/Scraptown | Visited Cartography Club 5099 | -7/Scraptown | Found Surveybot 17 Chip 5286 | -7/Scraptown | Discovered new exit (range 3) 5321 | -7/Scraptown | Build established: Derelict-Mutant 5438 | -7/Scraptown | Learned location of Cetus (-5) 5438 | -7/Scraptown | Learned location of Archives (-5) 5438 | -7/Scraptown | Learned location of Hub_04(d) (-5) 5438 | -7/Scraptown | Learned location of Testing (-2) 5438 | -7/Scraptown | Learned 12 Materials zone layouts 5438 | -7/Scraptown | Learned 12 Factory zone layouts 5438 | -7/Scraptown | Learned 16 Factory zone layouts 5438 | -7/Scraptown | Learned 8 Research zone layouts 5438 | -7/Scraptown | Learned 16 Research zone layouts 5438 | -7/Scraptown | Learned 4 Recycling zone layouts 5438 | -7/Scraptown | Learned 8 Lower Caves zone layouts 5438 | -7/Scraptown | Learned 12 Upper Caves zone layouts 5438 | -7/Scraptown | Learned 4 Hub_04(d) zone layouts 5438 | -7/Scraptown | Learned Factory emergency access door positions 5438 | -7/Scraptown | Learned location of 1 exit from Research 5438 | -7/Scraptown | Learned location of 1 exit from Upper Caves 5438 | -7/Scraptown | Learned location of 2 exits from Proximity Caves 5468 | -7/Scraptown | Found Deep Structural Scanner 5580 | -7/Scraptown | Visited Observation Area 5629 | -7/Scraptown | Visited Research Penetration Think Tank 5940 | -7/Scraptown | Visited Science Guys 6016 | -7/Scraptown | Visited Sword Containment 6060 | -7/Scraptown | Visited Abandonware Association 6080 | -7/Scraptown | Learned abandonware demo "KABOOM.EXE" 6080 | -7/Scraptown | Learned abandonware demo "MELTYB.EXE" 6282 | -7/Scraptown | Met Optimus 6282 | -7/Scraptown | Accepted into 0bPrime 6422 | -7/Scraptown | Found Scrap Suit 6425 | -7/Scraptown | Found Scrap Suit 6462 | -7/Scraptown | Entered Factory 6462 | -5/Factory | Evolved 10 slots: Power x1, Propulsion x2, Utility x6, Weapon x1 6463 | -5/Factory | Identified exit to Factory 6464 | -5/Factory | Identified exit to Upper Caves 6816 | -5/Factory | Loaded intel: 8 recycling unit locations 6824 | -5/Factory | Discovered new exit (range 10) 6832 | -5/Factory | Identified exit to Extension 6954 | -5/Factory | Entered Extension 6976 | -5/Extension | Lost 3 parts (3u) 6983 | -5/Extension | Disrupted transfer network 7062 | -5/Extension | Rescued a captive Derelict 7064 | -5/Extension | Rescued a captive Derelict 7324 | -5/Extension | Energy Cycler disabled 7324 | -5/Extension | Rescued a captive Derelict 7324 | -5/Extension | Rescued a captive Derelict 7325 | -5/Extension | Rescued a captive Derelict 7326 | -5/Extension | Rescued a captive Derelict 7326 | -5/Extension | Rescued a captive Derelict 7328 | -5/Extension | Rescued a captive Derelict 7330 | -5/Extension | Rescued a captive Derelict 7336 | -5/Extension | Rescued a captive Derelict 7566 | -5/Extension | Spotted B-75 Beast 7575 | -5/Extension | Spotted B-75 Beast 7584 | -5/Extension | Discovered exit to Factory (range 15) 7615 | -5/Extension | Allies destroyed B-75 Beast 7630 | -5/Extension | Destroyed B-75 Beast 7656 | -5/Extension | Lost 6 parts (2p2u2w) 7690 | -5/Extension | Extracted ID and sensor layout for unrecognized location from A7's data core 7932 | -5/Extension | Build established: Scavenger-Mutant 8112 | -5/Extension | System corruption reached 10% 8172 | -5/Extension | Discovered exit to Factory (range 11) 8172 | -5/Extension | Discovered new exit (range 8) 8176 | -5/Extension | Crushed by falling debris 8279 | -5/Extension | Entered Cetus 8279 | -5/Cetus | Accompanied by 3 allies 8295 | -5/Cetus | Spotted Cetus Guard 8295 | -5/Cetus | Spotted Cetus Guard 8298 | -5/Cetus | Spotted Cetus Guard 8298 | -5/Cetus | Spotted Cetus Guard 8299 | -5/Cetus | Allies destroyed Cetus Guard 8308 | -5/Cetus | Destroyed Cetus Guard 8313 | -5/Cetus | Allies destroyed Cetus Guard 8314 | -5/Cetus | Destroyed Cetus Guard 8407 | -5/Cetus | Discovered new exit (range 41) 8414 | -5/Cetus | Spotted Cetus Guard 8415 | -5/Cetus | Spotted Cetus Guard 8415 | -5/Cetus | Spotted Cetus Guard 8486 | -5/Cetus | Found a strange terminal 8578 | -5/Cetus | Discovered exit to Factory (range 16) 8745 | -5/Cetus | Spotted Cetus Guard 8746 | -5/Cetus | Destroyed Cetus Guard 8769 | -5/Cetus | Destroyed Cetus Guard 8785 | -5/Cetus | Destroyed Cetus Guard 8797 | -5/Cetus | Destroyed Cetus Guard 8816 | -5/Cetus | Lost 3 parts (1p1n1u) 8825 | -5/Cetus | Discovered exit to Factory (range 15) 8836 | -5/Cetus | Met Revision 17 8910 | -5/Cetus | Entered Archives 9063 | -5/Archives | Build established: Scavenger-Tank 9086 | -5/Archives | Unable to access archive contents 9114 | -5/Archives | Discovered new exit (range 15) 9135 | -5/Archives | Unable to access archive contents 9138 | -5/Archives | Discovered new exit (range 16) 9151 | -5/Archives | Unable to access archive contents 9260 | -5/Archives | Discovered exit to Factory (range 16) 9292 | -5/Archives | Attached CPS modules to O-32 Director. 9336 | -5/Archives | Attached CPS modules to O-32 Director. 9621 | -5/Archives | Build established: Scavenger-Mutant 9677 | -5/Archives | Entered Hub_04(d) 9920 | -5/Hub_04(d) | Core integrity fell below 50% 9929 | -5/Hub_04(d) | Core integrity fell below 20% 9953 | -5/Hub_04(d) | Destroyed by S-27 Virus with Autogun Last Messages --------------- 09925_ Broken Quantum Reactor destroyed. 09925_ Penetrated by Slug. 09926_ Dropped Broken Adv. Variable Charge Gun. 09928_ Penetrated by Slug. 09928_ Dropped Lrg. Storage Unit. 09928_ Acquired 70 matter. 09929_ Acquired 8 matter. 09930_ Penetrated by Slug. 09931_ W-25 Informer sends out distress signal. 09932_ Acquired 14 matter. 09935_ Field Propulsion Drive destroyed. 09938_ Adv. Heat Sink destroyed. 09939_ Acquired Hover Unit. 09942_ K-01 Serf destroyed. 09943_ Hover Unit destroyed. 09944_ K-01 Serf collects debris. 09946_ Imp. Hacking Suite destroyed. 09951_ K-01 Serf collects debris. 09952_ ALERT: Suspicious intruders detected, dispatching Specialist reinforcements to area. Map ----- +----------------------------------------------------+ | ?????????????? """" # " " " " ### ###### ### | | ??????????????" "" """" # " " " " ## | | ??????????????"T"" """" # ## | | ??????????????""" # " " " " ## | | ??????????????########+## " " " " ## ###"""T""" | | ??????????????###### # " " " " ## ########## | | ??????????????? ????????# ## #?# | | ????????????????? ??????# " " " " ## ###"" | | ???????????????#####??? # " " " " ## #?#"T !! | | ???????????#??#??##??? ?# " " " " ## #?#"" !! | | ????????????#??!?? ?? ?# ## #?# " !! | | ???????????#??? ?? +? ## ## ### !% | | ????????????#???????# ??# ## ### = " = | | ????????????????????# ####+######### ##" [! | | ????????????????"?" + /%! ######/## | | ??????????????????? # "" =%= | | ????????????????????###### ######## T" [=* | | ????????????????????#?#??# #? # %%! | | ?????????????????#?? ????# # # #### [% | | ???????????????????? ????# #! #######??# %= | | ??????????????????????T"?# # ####??#?####### | | ???????????????#?#???????+ s/ ! #??#???## ##??? | | ???????????????????? ??? # # #?#??#?###?##?# | | ???????????????????##????# A##########?????######? | | ???????????????????? #####sA#############?##?###?# | | ????????????????? ???# @ #??##??#????##?## | | ???????????????? ?? #! #?#???????#?##??? | | ?????????????????????# " #??##???#?#?#??#? | | ?????????????????????# """ # ???#?##????? | | ?????????????????????# """"" #???? ???#??#???# | | ?????????????????????# """"""" #? ? ????#??#???? | | ?????????????????????# """"" #?? ? ?#???#???# | | ?????????????????????# ""??? # ? ????#???????? | | ?????????????????????# ????? #???????????#???? | | ?????????????????????# ??????#????????????#?#? | | ?????????????????????####???????????????????##???# | | ?????????????????????????????????????????????????? | | ?????????????????????????????????????????????????? | | ????????????????H????????????????????????????????? | | ?????????????????????????????????????????????????? | | ?????????????????????????????????????????????????? | | ?????????????????????????????????????????????????? | | ?????????????????????????????????????????????????? | | ?????????????????????????????????????????????????? | | ?????????????????????????????????????????????????? | | ?????????????????????????????????????????????????? | | ?????????????????????????????????????????????????? | | ???????!?????????????????????????????????????????? | | ?????????????????????????????????????????????????? | | ?????????????????????????????????????????????????? | +----------------------------------------------------+ Best States ------------- Heat Dissipation 67 Energy Generation 43 Energy Capacity 590 Matter Stores 300 Matter Capacity 300 Sight Range 16 Robot Scan Range 15 Terrain Scan Range 16 Terrain Scan Density 10 Armor Coverage 1800 Resistance: KI 20 Evasion (%) 70 Recoil Reduction 4 Kinecelleration 30 Offensive Hacking 36 Defensive Hacking 12 Authchip Count 2 Item Schematics ----------------- None Robot Schematics ------------------ None Fabricated ------------ Nothing Repaired ---------- Nothing Studied --------- None Alien Tech Used ----------------- None Achievements -------------- Bob, First Of His Name Brute Force Civilization 2243 Explosive Keycard Immobile And Lovin' It Link The Feds Revising The Future You May Approach The Wall Challenges ------------ None Game ------ Seed DispersalMetafieldGuard Manual? 0 Play Time 02:27:39 Cumulative 26.6 hours Start 2026.04.26 @ 08:55:12 End 2026.04.28 @ 03:47:36 Sessions 5 Manual Loads 0 Difficulty Rogue Special Mode None Game No. 31 Rogue 31 Adventurer 0 Explorer 0 Win Type - Total 0 Types 0/0/0/0/0/0/0/0/0/0 Lore% 25 Gallery% 29 Achievement% 26 Wizard Run 0 Options --------- Layout 1 ASCII 0 Keyboard 0 Movement Mouse Keybinds 0 Fullscreen 2 Font 24/Smallcaps Map View 50x35 Zoom Use 0% Tactical HUD 1 Map Filters NONE Filters NONE Steam 1 RUN: f2b3b6c0-b52d-4f05-abfe-89217cf8bb19